 Dungeon Sprint DCSS version 0.27-a0-978-g2aa4ecdaef (webtiles) character file.

Game seed: 4487166728889522746

5143 mhtbhm the Earth Mage (level 10, -6/56 HPs)
             Began as a Gargoyle Earth Elementalist on Apr 14, 2021.
             Was a High Priest of Vehumet.
             Mangled by a demonic crawler (9 damage)
             ... in the Dungeon (Sprint VII: "The Pits").
             The game lasted 00:05:03 (1813 turns).

mhtbhm the Earth Mage (Gargoyle Earth Elementalist) Turns: 1813, Time: 00:05:04

Health: -6/56      AC: 10    Str: 11    XL:     10   Next: 58%
Magic:  8/27       EV: 13    Int: 20    God:    Vehumet [*****.]
Gold:   0          SH:  0    Dex: 10    Spells: 22/36 levels left

rFire    . . .     SeeInvis .   a - +5 scythe "Finisher" {speed, eviscerate}
rCold    . . .     Faith    .   (shield currently unavailable)
rNeg     + . .     Spirit   .   c - +0 robe
rPois    ∞         Reflect  .   r - +0 helmet
rElec    +         Harm     .   (no cloak)
rCorr    .         Rampage  .   (no gloves)
Will     .....     NoTele   +   (no boots)
Stlth    ++........             (no amulet)
HPRegen  0.18/turn              (no ring)
MPRegen  0.20/turn              (no ring)

@: slowed, very slow
A: AC +7, negative energy resistance 1, electricity resistance, torment
resistance 1, unbreathing 1, petrification resistance
a: Renounce Religion


You were in the Dungeon.
You worshipped Vehumet.
Vehumet was extremely pleased with you.
You visited 1 branch

Inventory:

Hand Weapons
 a - the +5 scythe "Finisher" (weapon) {speed, eviscerate}
   (You found it in the Dungeon)

   Attacks with this weapon are significantly faster.
Missiles
 b - 23 stones
Armour
 c - a +0 robe (worn)
 r - a +0 helmet (worn)
Jewellery
 n - a +3 ring of dexterity
 o - a +3 ring of strength
Scrolls
 i - a scroll of blinking
 j - 5 scrolls of amnesia
 k - a scroll of summoning
 l - 2 scrolls of vulnerability
Potions
 d - 11 potions of curing
 e - 9 potions of heal wounds
 f - a potion of haste
 g - 4 potions of magic
 h - 4 potions of berserk rage
 m - 2 potions of invisibility
 p - a potion of might
 q - a potion of mutation


   Skills:
 + Level 4.1 Fighting
 + Level 3.0(4.1) Polearms
 + Level 4.7(5.2) Staves
 + Level 5.7 Dodging
 - Level 3.3 Stealth
 + Level 13.7 Spellcasting
 + Level 1.4 Conjurations
 + Level 1.3 Transmutations
 + Level 18.6 Earth Magic


You had 22 spell levels left.
You knew the following spells:

 Your Spells              Type           Power      Damage    Failure   Level
a - Sandblast             Erth           100%       2d20      0%          1
b - Freeze                Ice            52%        1d7       1%          1
c - Stone Arrow           Conj/Erth      100%       3d13      1%          3
d - Lee's Rapid Deconstr  Erth           36%        3d19*     1%          5
e - Petrify               Tmut/Erth      52%        N/A       1%          4

Your spell library contained the following spells:

 Spells                   Type           Power      Damage    Failure   Level
 Orb of Destruction       Conj           9%         9d4       99%         7
 Passwall                 Tmut/Erth      43%        N/A       1%          2


Dungeon Overview and Level Annotations

Branches:
Dungeon (1/1)

Altars:
Ashenzari
Cheibriados
Dithmenos
Elyvilon
Fedhas
Gozag
Hepliaklqana
Kikubaaqudgha
Makhleb
Nemelex Xobeh
Okawaru
Qazlal
Ru
Sif Muna
Trog
Uskayaw
Vehumet
Wu Jian
Xom
Yredelemnul
Zin
The Shining One
Beogh
Jiyva
Lugonu


Innate Abilities, Weirdness & Mutations

Your stone body is resilient. (AC +7)
You are immune to poison.
You resist negative energy. (rN+)
You are resistant to electric shocks. (rElec)
You are resistant to unholy torment.
You can survive without breathing.
You are immune to petrification.


Message History

Vehumet accepts your kill.
You feel your power returning.
You hear an angry hiss.
You hear a howl!
You hear a shout!
A boulder beetle comes into view.
A sea snake comes into view.
You hear a shout!
Unknown command.
Unknown command.
The boulder beetle leaps!
A river rat comes into view.
Casting: Lee's Rapid Deconstruction (safe; 1% risk of failure)
Confirm with . or Enter, or press ? or * to list all spells.
Aiming: Lee's Rapid Deconstruction (safe; 1% risk of failure)
Press: ? - help, Dir - move target A metal wall.
The metal wall shatters!
The blast of metal fragments hits the demonic crawler!!!
The demonic crawler is severely wounded.
The blast of metal fragments hits the sea snake!!
The sea snake is heavily wounded.
You hear a bellow!
A bat skeleton comes into view.
An orange demon comes into view.
The demonic crawler hits you.
The demonic crawler hits you but does no damage.
The demonic crawler hits you.
The bat skeleton moves out of view.
The orange demon moves out of view.
Unknown command.
The demonic crawler hits you! The demonic crawler misses you.
The demonic crawler hits you but does no damage.
The sea snake bites you!
* * * LOW HITPOINT WARNING * * *
The demonic crawler closely misses you. The demonic crawler hits you.
* * * LOW HITPOINT WARNING * * *
The demonic crawler closely misses you. The killer bee closely misses you.
You feel much better. The killer bee barely misses you.
The sea snake bites you!!
* * * LOW HITPOINT WARNING * * *
The demonic crawler hits you!
* * * LOW HITPOINT WARNING * * *
The demonic crawler hits you!
You die...

#................#
####'#####''######
#.......##''# ########
#...)...##..# #..†..)#
#.......##..# #'#
#...<...##..# ##.##
#.......##..# ##...##
#.......##.)####.s...# #
#.......##...##.@S...#...#
##########....'..y...Br..'
##########...##......#4..#
...#..[[##..####.....##.##
...#...[##..# ##...## ..#
...'..))##..# ##.## ..
...#..))##..# #+#
...#..))##..#
#############


You could see a boulder beetle, a sea snake, a demonic crawler, an orange demon,
a killer bee and a river rat.

Vanquished Creatures
  A hydra (D)
  A bog body (D)
  A deep elf zephyrmancer (D)
  Pikel (D)
  An orc knight (D)
  A molten gargoyle (D)
  A kobold demonologist (D)
  2 orange demons (D)
  2 guardian mummies (D)
  Sigmund (D)
  A wraith (D)
  A warg (D)
  Duvessa (D)
  A water moccasin (D)
  A floating eye (D)
  An ice beast (D)
  A lemure (D)
  A gnoll sergeant (D)
  A small abomination (D)
  2 killer bees (D)
  4 gnolls (D)
  An adder zombie (D)
  2 worms (D)
  2 orcs (D)
  A ball python (D)
  2 bats (D)
  2 goblins (D)
  A hobgoblin (D)
  A quokka (D)
  A ball python skeleton (D)
  A ball python zombie (D)
  A frilled lizard (D)
  A rat (D)
43 creatures vanquished.

Notes
Turn   | Place    | Note
-------+----------+-------------------------------------------
     0 | D        | mhtbhm the Gargoyle Earth Elementalist began the quest for
                  | the Orb.
     0 | D        | Reached XP level 1. HP: 10/10 MP: 3/3
    13 | D        | Reached skill level 4 in Earth Magic
    18 | D        | Found a bloodstained altar of Trog.
    18 | D        | Found a shimmering blue altar of Sif Muna.
    18 | D        | Found a viscous altar of Jiyva.
    18 | D        | Found a hazy altar of Hepliaklqana.
    18 | D        | Found an opulent altar of Gozag.
    19 | D        | Found a glowing golden altar of the Shining One.
    19 | D        | Found a glowing silver altar of Zin.
    19 | D        | Found a basalt altar of Yredelemnul.
    19 | D        | Found a shimmering altar of Xom.
    19 | D        | Found an ornate altar of the Wu Jian Council.
    19 | D        | Found a sacrificial altar of Ru.
    19 | D        | Found a stormy altar of Qazlal.
    19 | D        | Found an iron altar of Okawaru.
    19 | D        | Found a sparkling altar of Nemelex Xobeh.
    19 | D        | Found a burning altar of Makhleb.
    19 | D        | Found a blossoming altar of Fedhas.
    19 | D        | Found a white marble altar of Elyvilon.
    19 | D        | Found a shadowy altar of Dithmenos.
    19 | D        | Found a snail-covered altar of Cheibriados.
    21 | D        | Found a radiant altar of Vehumet.
    21 | D        | Found a corrupted altar of Lugonu.
    22 | D        | Found a hide-covered altar of Uskayaw.
    22 | D        | Found an ancient bone altar of Kikubaaqudgha.
    22 | D        | Found a broken altar of Ashenzari.
    29 | D        | Became a worshipper of Vehumet
   102 | D        | Reached * piety under Vehumet
   102 | D        | Offered knowledge of Freeze by Vehumet.
   123 | D        | Learned a level 1 spell: Freeze
   123 | D        | Noticed a floating eye
   126 | D        | Paralysed by a floating eye for 3 turns
   130 | D        | Killed a floating eye
   131 | D        | Reached skill level 1 in Staves
   131 | D        | Reached skill level 8 in Earth Magic
   131 | D        | Reached XP level 2. HP: 11/16 MP: 5/7
   131 | D        | Reached XP level 3. HP: 14/20 MP: 5/8
   131 | D        | Reached XP level 4. HP: 16/24 MP: 6/10
   223 | D        | Noticed Sigmund
   226 | D        | Killed Sigmund
   226 | D        | Reached ** piety under Vehumet
   226 | D        | Offered knowledge of Magic Dart by Vehumet.
   227 | D        | Reached skill level 1 in Fighting
   227 | D        | Reached skill level 5 in Spellcasting
   227 | D        | Reached skill level 1 in Transmutations
   227 | D        | Reached skill level 10 in Earth Magic
   227 | D        | Reached XP level 5. HP: 22/29 MP: 8/13
   227 | D        | Reached XP level 6. HP: 26/34 MP: 8/14
   251 | D        | Learned a level 3 spell: Stone Arrow
   257 | D        | Learned a level 5 spell: Lee's Rapid Deconstruction
   262 | D        | Learned a level 4 spell: Petrify
   487 | D        | Offered knowledge of Dazzling Flash by Vehumet.
   487 | D        | Reached *** piety under Vehumet
   530 | D        | Noticed a water moccasin
   531 | D        | Reached skill level 11 in Earth Magic
   531 | D        | Reached **** piety under Vehumet
   538 | D        | Killed a water moccasin
   539 | D        | Reached skill level 5 in Dodging
   539 | D        | Reached skill level 12 in Earth Magic
   539 | D        | Reached XP level 7. HP: 39/40 MP: 2/17
   543 | D        | Reached ***** piety under Vehumet
   746 | D        | Noticed Duvessa
   749 | D        | Killed Duvessa
   749 | D        | Offered knowledge of Fulminant Prism by Vehumet.
   907 | D        | Noticed an orange demon
   909 | D        | Killed an orange demon
   909 | D        | Offered knowledge of Airstrike by Vehumet.
   910 | D        | Reached skill level 13 in Earth Magic
  1079 | D        | Noticed Pikel
  1081 | D        | Killed Pikel
  1081 | D        | Offered knowledge of Lightning Bolt by Vehumet.
  1082 | D        | Reached skill level 14 in Earth Magic
  1082 | D        | Reached XP level 8. HP: 46/46 MP: 12/21
  1238 | D        | Noticed a kobold demonologist
  1244 | D        | Killed a kobold demonologist
  1245 | D        | Reached skill level 10 in Spellcasting
  1365 | D        | Found the +5 scythe "Finisher" {speed, eviscerate}
  1466 | D        | Noticed a deep elf zephyrmancer
  1467 | D        | Noticed a guardian mummy
  1470 | D        | Killed a deep elf zephyrmancer
  1470 | D        | Killed a guardian mummy
  1471 | D        | Reached skill level 16 in Earth Magic
  1471 | D        | Reached XP level 9. HP: 51/51 MP: 11/24
  1473 | D        | Noticed an orange demon
  1475 | D        | Offered knowledge of Bolt of Magma by Vehumet.
  1478 | D        | Killed an orange demon
  1478 | D        | Noticed an orc knight
  1519 | D        | Killed an orc knight
  1520 | D        | Reached skill level 1 in Polearms
  1520 | D        | Reached skill level 1 in Conjurations
  1520 | D        | Reached skill level 17 in Earth Magic
  1649 | D        | Noticed a guardian mummy
  1656 | D        | Noticed a five-headed hydra
  1657 | D        | Killed a guardian mummy
  1658 | D        | Reached XP level 10. HP: 56/56 MP: 14/26
  1660 | D        | Killed a five-headed hydra
  1800 | D        | Noticed a molten gargoyle
  1801 | D        | Killed a molten gargoyle
  1802 | D        | Reached skill level 18 in Earth Magic
  1803 | D        | Noticed a bog body
  1807 | D        | Offered knowledge of Orb of Destruction by Vehumet.
  1807 | D        | Killed a bog body
  1808 | D        | Noticed a boulder beetle
  1808 | D        | Noticed a sea snake
  1810 | D        | Noticed an orange demon
  1813 | D        | Mangled by a demonic crawler

Illustrated notes

Levels and vault maps discovered:
D:        pitsprint [storerooms_1, entrance_room_1, metal_vault_3, armoury_1,
          mini_pit_1, grid_room_1, main_hall_1, silver_pit, the_coven_2,
          the_vestibule_1, steel_vault_4, golden_pit, hallway_of_sentries,
          crystal_vault_6, iron_vault_3, final_vault]

Skill      XL: |  1  2  3  4  5  6  7  8  9 10 |
---------------+-------------------------------+-----
Earth Magic    | 8 10 12 14 16 17 18 | 18.6
Dodging        | 3 4 5 |  5.7
Spellcasting   | 4 5 7 9 11 12 13 | 13.7
Staves         | 1 2 3 4 |  4.7
Stealth        | 3 |  3.3
Fighting       | 1 2 3 4 |  4.1
Transmutations | 1 |  1.3
Polearms       | 1 3 |  3.0
Conjurations   | 1 |  1.4

Action                   |  1- 3 |  4- 6 |  7- 9 | 10-12 || total
-------------------------+-------+-------+-------+-------++-------
Melee: Quarterstaff      |    11 |    21 |    11 |       ||    43
       Scythe            |       |       |     5 |       ||     5
 Cast: Sandblast         |     3 |    10 |     4 |       ||    17
       Lee's Rapid Decon |       |     2 |    16 |     9 ||    27
       Stone Arrow       |       |     1 |     6 |       ||     7
  Use: Potion            |       |       |       |     1 ||     1
Armor: Robe              |     5 |     8 |     5 |     2 ||    20
Dodge: Dodged            |     7 |    18 |     8 |     5 ||    38

Table legend: (Time is in decaauts)
 A = Elapsed time spent in this place.
 B = Non-inter-level travel time spent in this place.
 C = Inter-level travel time spent in this place.
 D = Time resting spent in this place.
 E = Time spent auto-exploring this place.
 F = Levels seen in this place.
 G = Mean time per level.
                   A        B        C        D        E       F      G
               +--------+--------+--------+--------+--------+-----+--------+
         Total |   1817 |   1817 |      0 |   1249 |      0 |   1 | 1817.0 |
       Dungeon |   1817 |   1817 |      0 |   1249 |      0 |   1 | 1817.0 |
               +--------+--------+--------+--------+--------+-----+--------+

Top non-repeatable levels by time:
       D: 1817 daAuts
